Sharks vs Jets
Created - January 23, 2020 at 19:00
Goals
|
| Sharks |
2 |
0 |
4 |
6 |
| Jets |
3 |
1 |
0 |
4 |
|
Shots
|
| Sharks |
8 |
3 |
21 |
32 |
| Jets |
18 |
8 |
2 |
28 |
|
1st period
1. Jets , Marcus Johansson 18 (Derek Stepan 39, Nino Niederreiter 15) at 2:37 (PP)
2. Sharks , Jiri Tlusty 3 (Zach Boychuk 8, Milan Michalek 16) at 5:55
3. Jets , Marcus Johansson 19 (Marco Scandella 11, Derek Stepan 40) at 6:01
4. Sharks , Jason Spezza 19 (Mike Cammalleri 9, Ben Lovejoy 13) at 12:49
5. Jets , Derek Stepan 15 (Evgeny Dadonov 17, Marcus Johansson 18) at 13:28
Penalties :
T.J. Hensick (SJS) for Holding (Minor) at 2:22
2nd period
6. Jets , Marcus Johansson 20 (Derek Stepan 41, Derek Roy 12) at 1:47
Penalties :
Marco Scandella (Win) for Interference (Minor) at 2:00, Marco Scandella (Win) for Boarding (Minor) at 9:47, Martins Karsums (SJS) for Roughing (Minor) at 12:51
3rd period
7. Sharks , T.J. Hensick 5 (Matt Corrente 4, Oskar Osala 7) at 6:11
8. Sharks , Brandon Dubinsky 9 (Drew Doughty 39, Milan Michalek 17) at 7:24 (PP)
9. Sharks , Brandon Dubinsky 10 (Ben Lovejoy 14, Milan Michalek 18) at 13:32
10. Sharks , Drew Doughty 16 (Jason Spezza 29) at 19:32 (Empty Net)
Penalties :
Tyler Myers (Win) for Hooking (Minor) at 0:35, Jared Spurgeon (Win) for Roughing (Minor) at 3:20, Derek Stepan (Win) for Tripping (Minor) at 6:14, Oscar Klefbom (Win) for Hooking (Minor) at 14:36
Goalie Stats
Anders Nilsson (SJS), 9 saves from 9 shots - (1.000), W, 3-1-0, 38:13 minutes
Ryan Miller (SJS), 15 saves from 19 shots - (0.789), 21:47 minutes
Jonathan Bernier (Win), 26 saves from 31 shots - (0.839), L, 10-10-2, 59:35 minutes
Players Stats for Sharks
Player Name G A P +/- PIM S H SB GA TA FO MP PP MP PK MP
------------------------------------------------------------------------------------
Alec Martinez 0 0 0 1 0 1 2 0 0 0 0/0 11:06 0:00 0:00
Andrej Sekera 0 0 0 0 0 0 1 0 0 0 0/0 22:41 3:45 0:47
Ben Lovejoy 0 2 2 1 0 2 2 0 1 0 0/0 26:13 7:20 1:27
Bobby Butler 0 0 0 -1 0 4 2 1 0 0 1/3 22:22 5:53 0:00
Brandon Dubinsky 2 0 2 1 0 5 0 1 0 0 10/17 17:55 5:06 0:13
David Rundblad 0 0 0 0 0 0 2 0 0 0 0/0 15:25 0:00 0:00
Drew Doughty 1 1 2 1 0 6 0 0 2 0 0/0 27:57 7:20 1:27
Jason Spezza 1 1 2 0 0 2 0 1 2 1 19/34 24:10 5:53 1:16
Jiri Tlusty 1 0 1 0 0 4 0 0 0 0 0/0 7:29 0:00 0:00
Luke Adam 0 0 0 0 0 1 0 0 0 0 0/0 7:29 0:00 0:00
Martins Karsums 0 0 0 1 2 2 0 0 1 0 0/0 17:41 5:06 0:00
Matt Corrente 0 1 1 1 0 1 1 1 1 1 0/0 16:38 3:45 0:47
Mike Cammalleri 0 1 1 -1 0 1 0 2 0 0 0/2 23:44 5:47 1:14
Milan Michalek 0 3 3 2 0 0 3 0 0 0 0/0 18:48 5:06 0:49
Oskar Osala 0 1 1 1 0 1 0 0 0 0 0/1 10:06 0:18 0:11
Stefan Ruzicka 0 0 0 1 0 0 0 0 0 0 0/1 10:07 0:00 0:33
T.J. Hensick 1 0 1 2 2 2 0 0 2 2 1/2 10:17 0:00 0:12
Zach Boychuk 0 1 1 0 0 0 3 0 0 0 0/0 7:36 0:06 0:00
Players Stats for Jets
Player Name G A P +/- PIM S H SB GA TA FO MP PP MP PK MP
------------------------------------------------------------------------------------
Brenden Morrow 0 0 0 -2 0 1 2 1 0 1 1/1 12:55 0:00 0:00
Derek Roy 0 1 1 -1 0 1 2 0 1 0 8/20 17:32 0:53 5:55
Derek Stepan 1 3 4 2 2 3 1 3 0 0 11/18 17:56 1:21 0:00
Eric Gelinas 0 0 0 -2 0 1 1 2 0 1 0/0 22:39 0:59 3:21
Erik Haula 0 0 0 -1 0 3 2 1 1 0 1/1 17:19 0:53 5:51
Evgeny Dadonov 0 1 1 2 0 6 3 1 0 0 0/2 16:58 0:53 0:00
Jaccob Slavin 0 0 0 1 0 0 1 1 0 0 0/0 13:14 0:00 1:11
Jared Spurgeon 0 0 0 -2 2 3 1 3 0 2 0/0 21:35 0:00 5:26
Kevin Hayes 0 0 0 -1 0 0 0 0 0 0 0/0 6:26 0:00 0:00
Marco Scandella 0 1 1 -1 4 2 1 3 1 2 0/0 23:54 1:15 3:21
Marcus Johansson 3 1 4 2 0 5 4 0 1 1 1/4 20:20 1:21 2:14
Nino Niederreiter 0 1 1 -2 0 1 1 1 0 0 0/1 17:09 1:14 3:00
Noel Acciari 0 0 0 -1 0 0 1 0 0 0 1/3 11:24 0:00 4:46
Oscar Klefbom 0 0 0 1 2 0 0 1 0 0 0/0 16:15 0:59 3:40
Reilly Smith 0 0 0 -1 0 1 1 0 0 0 0/0 10:39 0:07 0:00
Ronalds Kenins 0 0 0 -1 0 0 0 0 0 0 1/1 6:26 0:00 0:00
Sam Gagner 0 0 0 -2 0 0 1 0 0 0 5/9 13:24 0:00 0:24
Tyler Myers 0 0 0 -1 2 1 0 1 0 2 0/0 22:44 1:15 5:11
3 Stars
1 - Marcus Johansson (Win)
2 - Derek Stepan (Win)
3 - Milan Michalek (SJS)
Power Play
Sharks - 1 on 6 Attempt(s) - 16.67%
Jets - 1 on 2 Attempt(s) - 50.00%
Penalty Kill
Sharks - 1 on 2 Attempt(s) - 50.00%
- Score 0 goal in Penalty Kill
Jets - 5 on 6 Attempt(s) - 83.33%
- Score 0 goal in Penalty Kill
Team Stat
Sharks - Hits : 16 - Faceoff Wins : 31 - Blocked Shots : 6 - Penalty Minutes : 4
Jets - Hits : 22 - Faceoff Wins : 29 - Blocked Shots : 18 - Penalty Minutes : 12
Official
Referees : Unknown
Linesman : Unknown
Game Notes
Marcus Johansson has scored a Hat Trick!
Anders Nilsson enters game at 1:47 of 2nd period
Drew Doughty has scored in a empty net!
Finance
Level 1 -- Attendance: 6000 (100.00%) -- Ticket Income $624,000
Level 2 -- Attendance: 3810 (76.20%) -- Ticket Income $285,750
Level 3 -- Attendance: 1594 (79.70%) -- Ticket Income $73,324
Level 4 -- Attendance: 3615 (90.38%) -- Ticket Income $97,605
Luxury Box -- Attendance: 812 (81.20%) -- Ticket Income $154,280
Game was played at the MTS Center.
Total Attendance: 15831 (87.95%)
Total Ticket Income: $1,234,959
Other Income: $185,244
Total Income: $1,420,203
Sharks
5 vs 5 Forward
Center Left Wing Right Wing Time % Phy DF OF
1 Jason Spezza Mike Cammalleri Bobby Butler 40 1 2 2
2 Brandon Dubinsky Milan Michalek Martins Karsums 30 1 2 2
3 T.J. Hensick Oskar Osala Stefan Ruzicka 20 1 2 2
4 Luke Adam Zach Boychuk Jiri Tlusty 10 1 2 2
5 vs 5 Defense
Defense Defense Time % Phy DF OF
1 Drew Doughty Ben Lovejoy 40 1 2 2
2 Andrej Sekera David Rundblad 30 1 2 2
3 Alec Martinez Matt Corrente 20 1 2 2
4 Andrej Sekera Drew Doughty 10 1 2 2
PowerPlay Forward
Center Left Wing Right Wing Time % Phy DF OF
1 Jason Spezza Mike Cammalleri Bobby Butler 60 1 2 2
2 Brandon Dubinsky Milan Michalek Martins Karsums 40 1 2 2
PowerPlay Defense
Defense Defense Time % Phy DF OF
1 Drew Doughty Ben Lovejoy 60 1 2 2
2 Andrej Sekera Matt Corrente 40 1 2 2
Penalty Kill 4 Players Forward
Center Wing Time % Phy DF OF
1 Jason Spezza Mike Cammalleri 60 1 4 0
2 T.J. Hensick Milan Michalek 40 1 4 0
Penalty Kill 4 Players Defense
Defense Defense Time % Phy DF OF
1 Drew Doughty Ben Lovejoy 60 1 4 0
2 Andrej Sekera Matt Corrente 40 1 4 0
Penalty Kill - 3 Players Forward
Forward Time % Phy DF OF
1 Jason Spezza 60 1 4 0
2 T.J. Hensick 40 1 4 0
Penalty Kill - 3 Players Defense
Defense Defense Time % Phy DF OF
1 Drew Doughty Ben Lovejoy 60 1 4 0
2 Andrej Sekera Matt Corrente 40 1 4 0
4 vs 4 Forward
Center Wing Time % Phy DF OF
1 Jason Spezza Mike Cammalleri 60 1 2 2
2 T.J. Hensick Milan Michalek 40 1 2 2
4 vs 4 Defense
Defense Defense Time % Phy DF OF
1 Drew Doughty Ben Lovejoy 60 1 2 2
2 Andrej Sekera Alec Martinez 40 1 2 2
Last Minutes Offensive
Center Left Wing Right Wing Defense Defense
Jason Spezza Mike Cammalleri Bobby Butler Drew Doughty Ben Lovejoy
Last Minutes Defensive
Center Left Wing Right Wing Defense Defense
Jason Spezza Milan Michalek T.J. Hensick Drew Doughty Andrej Sekera
Goaltenders
Starting : Ryan Miller
Backup : Anders Nilsson
Extra Forwards
Normal : Oskar Osala, Zach Boychuk, Stefan Ruzicka - PP : Oskar Osala, Zach Boychuk - PK : Stefan Ruzicka
Extra Defensemen
Normal : David Rundblad, Matt Corrente, Alec Martinez - PP : David Rundblad - PK : Matt Corrente, Alec Martinez
Penalty Shots
Jason Spezza, Mike Cammalleri, Milan Michalek, Brandon Dubinsky, Oskar Osala
Scratches
Adam Larsson (Healthy), Nikolai Kulemin (Healthy)
Jets
5 vs 5 Forward
Center Left Wing Right Wing Time % Phy DF OF
1 Derek Stepan Marcus Johansson Evgeny Dadonov 36 0 1 4
2 Sam Gagner Brenden Morrow Nino Niederreiter 29 0 1 4
3 Derek Roy Erik Haula Reilly Smith 25 0 1 4
4 Noel Acciari Ronalds Kenins Kevin Hayes 10 2 2 1
5 vs 5 Defense
Defense Defense Time % Phy DF OF
1 Marco Scandella Tyler Myers 37 1 2 2
2 Eric Gelinas Jared Spurgeon 29 1 2 2
3 Oscar Klefbom Jaccob Slavin 24 1 2 2
4 Marco Scandella Eric Gelinas 10 1 2 2
PowerPlay Forward
Center Left Wing Right Wing Time % Phy DF OF
1 Derek Stepan Marcus Johansson Nino Niederreiter 60 0 0 5
2 Derek Roy Erik Haula Evgeny Dadonov 40 0 0 5
PowerPlay Defense
Defense Defense Time % Phy DF OF
1 Tyler Myers Marco Scandella 60 0 1 4
2 Eric Gelinas Oscar Klefbom 40 0 1 4
Penalty Kill 4 Players Forward
Center Wing Time % Phy DF OF
1 Derek Roy Erik Haula 60 0 4 1
2 Noel Acciari Nino Niederreiter 40 0 4 1
Penalty Kill 4 Players Defense
Defense Defense Time % Phy DF OF
1 Tyler Myers Jared Spurgeon 60 1 3 1
2 Eric Gelinas Marco Scandella 40 1 3 1
Penalty Kill - 3 Players Forward
Forward Time % Phy DF OF
1 Nino Niederreiter 60 0 4 1
2 Erik Haula 40 0 4 1
Penalty Kill - 3 Players Defense
Defense Defense Time % Phy DF OF
1 Tyler Myers Marco Scandella 60 0 5 0
2 Jared Spurgeon Eric Gelinas 40 0 5 0
4 vs 4 Forward
Center Wing Time % Phy DF OF
1 Derek Stepan Marcus Johansson 60 1 2 2
2 Sam Gagner Evgeny Dadonov 40 1 2 2
4 vs 4 Defense
Defense Defense Time % Phy DF OF
1 Marco Scandella Eric Gelinas 60 1 2 2
2 Tyler Myers Oscar Klefbom 40 1 2 2
Last Minutes Offensive
Center Left Wing Right Wing Defense Defense
Derek Stepan Marcus Johansson Evgeny Dadonov Tyler Myers Marco Scandella
Last Minutes Defensive
Center Left Wing Right Wing Defense Defense
Noel Acciari Erik Haula Nino Niederreiter Tyler Myers Marco Scandella
Goaltenders
Starting : Jonathan Bernier
Backup : Kari Lehtonen
Extra Forwards
Normal : Erik Haula, Derek Stepan, Derek Roy - PP : Derek Stepan, Erik Haula - PK : Erik Haula
Extra Defensemen
Normal : Tyler Myers, Marco Scandella, Eric Gelinas - PP : Marco Scandella - PK : Marco Scandella, Tyler Myers
Penalty Shots
Derek Stepan, Marcus Johansson, Evgeny Dadonov, Erik Haula, Noel Acciari
Scratches
Jacob Trouba (Healthy), Jason Akeson (Healthy)
% Time on Ice - Sharks
Lines # - Real PCT - Wanted PCT - Time Play
Normal Forward
1 - 36% - 40% - 16:45
2 - 27% - 30% - 12:21
3 - 21% - 20% - 9:34
4 - 16% - 10% - 7:29
Normal Defense
1 - 37% - 40% - 16:54
2 - 36% - 30% - 16:25
3 - 24% - 20% - 11:06
4 - 4% - 10% - 1:44
PP Forward
1 - 54% - 60% - 5:59
2 - 46% - 40% - 5:06
PP Defense
1 - 66% - 60% - 7:20
2 - 34% - 40% - 3:45
PK Forward
1 - 91% - 60% - 2:02
2 - 9% - 40% - 0:12
PK Defense
1 - 65% - 60% - 1:27
2 - 35% - 40% - 0:47
PK3 Forward
1 - 0% - 60%
2 - 0% - 40%
PK3 Defense
1 - 0% - 60%
2 - 0% - 40%
44 Forward
1 - 0% - 60%
2 - 0% - 40%
44 Defense
1 - 0% - 60%
2 - 0% - 40%
Last Minute Offensive - 0:00
Last Minute Defensive - 0:32
Total
Forward - 60:00
Defense - 60:00
|
% Time on Ice - Jets
Lines # - Real PCT - Wanted PCT - Time Play
Normal Forward
1 - 35% - 36% - 16:14
2 - 29% - 29% - 13:12
3 - 22% - 25% - 10:18
4 - 14% - 10% - 6:26
Normal Defense
1 - 35% - 37% - 16:23
2 - 34% - 29% - 15:39
3 - 25% - 24% - 11:23
4 - 6% - 10% - 2:45
PP Forward
1 - 60% - 60% - 1:21
2 - 40% - 40% - 0:53
PP Defense
1 - 56% - 60% - 1:15
2 - 44% - 40% - 0:59
PK Forward
1 - 73% - 60% - 8:05
2 - 27% - 40% - 3:00
PK Defense
1 - 70% - 60% - 7:44
2 - 30% - 40% - 3:21
PK3 Forward
1 - 0% - 60%
2 - 0% - 40%
PK3 Defense
1 - 0% - 60%
2 - 0% - 40%
44 Forward
1 - 0% - 60%
2 - 0% - 40%
44 Defense
1 - 0% - 60%
2 - 0% - 40%
Last Minute Offensive - 0:31
Last Minute Defensive - 0:00
Total
Forward - 60:00
Defense - 60:00
|
Play-by-Play
1st period
0:01 of 1st period - Jason Spezza wins face-off versus Evgeny Dadonov in neutral zone.
0:06 of 1st period - Wrist shot by Mike Cammalleri.
0:06 of 1st period - Deflect By Jason Spezza.
0:06 of 1st period - Shot Blocked by Marco Scandella.
0:06 of 1st period - Puck is out of play.
0:07 of 1st period - Jason Spezza wins face-off versus Derek Stepan in Jets zone.
0:15 of 1st period - Off-side.
0:16 of 1st period - Brandon Dubinsky wins face-off versus Sam Gagner in neutral zone.
0:21 of 1st period - Wrist shot by Brandon Dubinsky.
0:21 of 1st period - Deflect By Martins Karsums.
0:21 of 1st period - Shot Misses the Net.
0:21 of 1st period - Puck is out of play.
0:22 of 1st period - Sam Gagner wins face-off versus Brandon Dubinsky in Jets zone.
0:22 of 1st period - Sam Gagner is hit by David Rundblad.
1:53 of 1st period - Wrist shot by Jiri Tlusty.
1:53 of 1st period - Shot Hit the Post.
1:55 of 1st period - Slapshot by Andrej Sekera.
1:55 of 1st period - Shot Misses the Net.
1:57 of 1st period - Slapshot by Andrej Sekera.
1:57 of 1st period - Shot Misses the Net.
2:22 of 1st period - Minor Penalty to T.J. Hensick for Holding.
2:23 of 1st period - Derek Stepan wins face-off versus Jason Spezza in Sharks zone.
2:31 of 1st period - Snap shot by Derek Stepan.
2:31 of 1st period - Shot Misses the Net.
2:37 of 1st period - Snap shot by Marcus Johansson.
2:37 of 1st period - Goal by Marcus Johansson - Sharks : 0 - Jets : 1.
2:38 of 1st period - Derek Stepan wins face-off versus Jason Spezza in neutral zone.
2:41 of 1st period - Snap shot by Marcus Johansson.
2:41 of 1st period - Deflect By Drew Doughty.
2:41 of 1st period - Shot Blocked by Mike Cammalleri.
2:41 of 1st period - Puck is out of play.
2:42 of 1st period - Jason Spezza wins face-off versus Marcus Johansson in Sharks zone.
3:15 of 1st period - Slapshot by Drew Doughty.
3:15 of 1st period - Stopped by Jonathan Bernier with a rebound.
3:36 of 1st period - Off-side.
3:37 of 1st period - Derek Stepan wins face-off versus Mike Cammalleri in neutral zone.
3:46 of 1st period - Jason Spezza is hit by Jaccob Slavin and loses puck.
5:07 of 1st period - Snap shot by Derek Stepan.
5:07 of 1st period - Shot Misses the Net.
5:09 of 1st period - Snap shot by Tyler Myers.
5:09 of 1st period - Shot Blocked by Matt Corrente.
5:55 of 1st period - Snap shot by Jiri Tlusty.
5:55 of 1st period - Goal by Jiri Tlusty - Sharks : 1 - Jets : 1.
5:56 of 1st period - Derek Stepan wins face-off versus Jason Spezza in neutral zone.
5:59 of 1st period - Slapshot by Marco Scandella.
5:59 of 1st period - Stopped by Ryan Miller with a rebound.
6:01 of 1st period - Snap shot by Marcus Johansson.
6:01 of 1st period - Goal by Marcus Johansson - Sharks : 1 - Jets : 2.
6:02 of 1st period - Jason Spezza wins face-off versus Derek Stepan in neutral zone.
6:09 of 1st period - Tyler Myers is hit by Ben Lovejoy and loses puck.
6:14 of 1st period - Snap shot by Jason Spezza.
6:14 of 1st period - Shot Blocked by Derek Stepan.
7:32 of 1st period - Wrist shot by Marcus Johansson.
7:32 of 1st period - Stopped by Ryan Miller without a rebound.
7:33 of 1st period - Jason Spezza wins face-off versus Marcus Johansson in Sharks zone.
7:42 of 1st period - Slapshot by Jason Spezza.
7:42 of 1st period - Shot Misses the Net.
8:03 of 1st period - Slapshot by Marco Scandella.
8:03 of 1st period - Stopped by Ryan Miller without a rebound.
8:04 of 1st period - Jason Spezza wins face-off versus Nino Niederreiter in Sharks zone.
9:39 of 1st period - Mike Cammalleri is hit by Eric Gelinas.
9:59 of 1st period - David Rundblad is hit by Erik Haula and loses puck.
10:06 of 1st period - Snap shot by Erik Haula.
10:06 of 1st period - Stopped by Ryan Miller without a rebound.
10:07 of 1st period - Derek Stepan wins face-off versus Jason Spezza in Sharks zone.
10:59 of 1st period - Slapshot by Erik Haula.
10:59 of 1st period - Shot Hit the Post.
11:03 of 1st period - Snap shot by Derek Roy.
11:03 of 1st period - Stopped by Ryan Miller without a rebound.
11:04 of 1st period - Marcus Johansson wins face-off versus Jason Spezza in Sharks zone.
11:05 of 1st period - Snap shot by Evgeny Dadonov.
11:05 of 1st period - Stopped by Ryan Miller with a rebound.
11:07 of 1st period - Snap shot by Eric Gelinas.
11:07 of 1st period - Shot Misses the Net.
11:09 of 1st period - Wrist shot by Evgeny Dadonov.
11:09 of 1st period - Stopped by Ryan Miller with a rebound.
11:11 of 1st period - Slapshot by Evgeny Dadonov.
11:11 of 1st period - Shot Blocked by Jason Spezza.
11:13 of 1st period - Wrist shot by Eric Gelinas.
11:13 of 1st period - Deflect By Jason Spezza.
11:13 of 1st period - Stopped by Ryan Miller with a rebound.
11:15 of 1st period - Snap shot by Evgeny Dadonov.
11:15 of 1st period - Deflect By Jason Spezza.
11:15 of 1st period - Stopped by Ryan Miller with a rebound.
11:21 of 1st period - Wrist shot by Marcus Johansson.
11:21 of 1st period - Shot Blocked by Mike Cammalleri.
11:31 of 1st period - Jason Spezza is hit by Erik Haula.
11:35 of 1st period - Snap shot by Jason Spezza.
11:35 of 1st period - Shot Misses the Net.
12:07 of 1st period - Snap shot by Jason Spezza.
12:07 of 1st period - Shot Misses the Net.
12:09 of 1st period - Slapshot by Ben Lovejoy.
12:09 of 1st period - Stopped by Jonathan Bernier with a rebound.
12:49 of 1st period - Slapshot by Jason Spezza.
12:49 of 1st period - Goal by Jason Spezza - Sharks : 2 - Jets : 2.
12:50 of 1st period - Brandon Dubinsky wins face-off versus Derek Stepan in neutral zone.
13:04 of 1st period - Evgeny Dadonov is hit by Milan Michalek and loses puck.
13:15 of 1st period - Evgeny Dadonov is hit by Zach Boychuk and loses puck.
13:24 of 1st period - Slapshot by Marcus Johansson.
13:24 of 1st period - Stopped by Ryan Miller with a rebound.
13:26 of 1st period - Slapshot by Evgeny Dadonov.
13:26 of 1st period - Stopped by Ryan Miller with a rebound.
13:28 of 1st period - Snap shot by Derek Stepan.
13:28 of 1st period - Goal by Derek Stepan - Sharks : 2 - Jets : 3.
13:29 of 1st period - Brenden Morrow wins face-off versus Brandon Dubinsky in neutral zone.
13:37 of 1st period - Marco Scandella is hit by Milan Michalek and loses puck.
14:19 of 1st period - Snap shot by Jiri Tlusty.
14:19 of 1st period - Stopped by Jonathan Bernier with a rebound.
14:21 of 1st period - Snap shot by Jiri Tlusty.
14:21 of 1st period - Stopped by Jonathan Bernier with a rebound.
14:23 of 1st period - Wrist shot by Luke Adam.
14:23 of 1st period - Stopped by Jonathan Bernier without a rebound.
14:24 of 1st period - Sam Gagner wins face-off versus Jason Spezza in Jets zone.
14:58 of 1st period - Alec Martinez is hit by Jared Spurgeon and loses puck.
16:05 of 1st period - Wrist shot by Reilly Smith.
16:05 of 1st period - Shot Misses the Net.
16:07 of 1st period - Slapshot by Jared Spurgeon.
16:07 of 1st period - Stopped by Ryan Miller without a rebound.
16:08 of 1st period - Brandon Dubinsky wins face-off versus Noel Acciari in Sharks zone.
16:35 of 1st period - Slapshot by Jared Spurgeon.
16:35 of 1st period - Stopped by Ryan Miller with a rebound.
16:37 of 1st period - Snap shot by Jared Spurgeon.
16:37 of 1st period - Shot Blocked by Bobby Butler.
16:39 of 1st period - Snap shot by Jared Spurgeon.
16:39 of 1st period - Stopped by Ryan Miller without a rebound.
16:40 of 1st period - Jason Spezza wins face-off versus Derek Stepan in Sharks zone.
17:32 of 1st period - Snap shot by Zach Boychuk.
17:32 of 1st period - Shot Blocked by Derek Stepan.
17:40 of 1st period - Wrist shot by Jiri Tlusty.
17:40 of 1st period - Stopped by Jonathan Bernier without a rebound.
17:41 of 1st period - Bobby Butler wins face-off versus Derek Roy in Jets zone.
18:08 of 1st period - Nino Niederreiter is hit by Milan Michalek and loses puck.
18:37 of 1st period - T.J. Hensick is hit by Noel Acciari and loses puck.
19:17 of 1st period - Jason Spezza is hit by Nino Niederreiter and loses puck.
19:43 of 1st period - Snap shot by Evgeny Dadonov.
19:43 of 1st period - Stopped by Ryan Miller with a rebound.
Goals for this period are 2 for Sharks vs 3 for Jets.
Shots for this period are 8 for Sharks vs 18 for Jets.
2nd period
0:01 of 2nd period - Brandon Dubinsky wins face-off versus Derek Roy in neutral zone.
0:26 of 2nd period - Brandon Dubinsky is hit by Marcus Johansson and loses puck.
1:04 of 2nd period - Nino Niederreiter is hit by David Rundblad and loses puck.
1:18 of 2nd period - Off-side.
1:19 of 2nd period - Derek Roy wins face-off versus T.J. Hensick in neutral zone.
1:22 of 2nd period - Ben Lovejoy is hit by Reilly Smith and loses puck.
1:47 of 2nd period - Wrist shot by Marcus Johansson.
1:47 of 2nd period - Goal by Marcus Johansson - Sharks : 2 - Jets : 4.
1:47 of 2nd period - Anders Nilsson enters game.
1:48 of 2nd period - Derek Stepan wins face-off versus Mike Cammalleri in neutral zone.
2:00 of 2nd period - Minor Penalty to Marco Scandella for Interference.
2:01 of 2nd period - Derek Roy wins face-off versus Jason Spezza in Jets zone.
2:38 of 2nd period - Snap shot by Martins Karsums.
2:38 of 2nd period - Shot Blocked by Jared Spurgeon.
2:54 of 2nd period - Snap shot by Nino Niederreiter.
2:54 of 2nd period - Stopped by Anders Nilsson with a rebound.
3:29 of 2nd period - Eric Gelinas is hit by Bobby Butler and loses puck.
4:00 of 2nd period - Penalty to Marco Scandella is over, Marco Scandella is back on ice.
4:46 of 2nd period - Marco Scandella is hit by Zach Boychuk and loses puck.
5:22 of 2nd period - David Rundblad is hit by Marcus Johansson and loses puck.
5:59 of 2nd period - Matt Corrente is hit by Derek Roy and loses puck.
6:12 of 2nd period - Matt Corrente is hit by Evgeny Dadonov and loses puck.
6:42 of 2nd period - Slapshot by Drew Doughty.
6:42 of 2nd period - Shot Blocked by Eric Gelinas.
6:44 of 2nd period - Wrist shot by Bobby Butler.
6:44 of 2nd period - Shot Misses the Net.
6:46 of 2nd period - Snap shot by Jason Spezza.
6:46 of 2nd period - Stopped by Jonathan Bernier without a rebound.
6:47 of 2nd period - Derek Roy wins face-off versus Jason Spezza in Jets zone.
7:02 of 2nd period - Backhand shot by Erik Haula.
7:02 of 2nd period - Stopped by Anders Nilsson with a rebound.
7:18 of 2nd period - Slapshot by Brandon Dubinsky.
7:18 of 2nd period - Stopped by Jonathan Bernier without a rebound.
7:19 of 2nd period - Brandon Dubinsky wins face-off versus Evgeny Dadonov in Jets zone.
7:22 of 2nd period - Wrist shot by Brandon Dubinsky.
7:22 of 2nd period - Shot Misses the Net.
7:32 of 2nd period - Snap shot by Derek Stepan.
7:32 of 2nd period - Stopped by Anders Nilsson with a rebound.
7:34 of 2nd period - Backhand shot by Marcus Johansson.
7:34 of 2nd period - Shot Blocked by Brandon Dubinsky.
7:36 of 2nd period - Wrist shot by Evgeny Dadonov.
7:36 of 2nd period - Stopped by Anders Nilsson with a rebound.
8:02 of 2nd period - Icing by Milan Michalek.
8:03 of 2nd period - Jason Spezza wins face-off versus Derek Roy in Sharks zone.
8:12 of 2nd period - Snap shot by Erik Haula.
8:12 of 2nd period - Stopped by Anders Nilsson with a rebound.
8:14 of 2nd period - Wrist shot by Tyler Myers.
8:14 of 2nd period - Stopped by Anders Nilsson without a rebound.
8:15 of 2nd period - Jason Spezza wins face-off versus Derek Stepan in Sharks zone.
8:42 of 2nd period - Drew Doughty is hit by Derek Roy and loses puck.
9:05 of 2nd period - Wrist shot by Noel Acciari.
9:05 of 2nd period - Deflect By Kevin Hayes.
9:05 of 2nd period - Shot Misses the Net.
9:05 of 2nd period - Puck is out of play.
9:06 of 2nd period - Noel Acciari wins face-off versus Brandon Dubinsky in Sharks zone.
9:18 of 2nd period - Icing by Martins Karsums.
9:19 of 2nd period - Brandon Dubinsky wins face-off versus Derek Stepan in Sharks zone.
9:24 of 2nd period - Wrist shot by Evgeny Dadonov.
9:24 of 2nd period - Shot Hit the Post.
9:47 of 2nd period - Minor Penalty to Marco Scandella for Boarding.
9:48 of 2nd period - Jason Spezza wins face-off versus Derek Roy in Jets zone.
11:47 of 2nd period - Penalty to Marco Scandella is over, Marco Scandella is back on ice.
12:02 of 2nd period - Wrist shot by Brenden Morrow.
12:02 of 2nd period - Stopped by Anders Nilsson with a rebound.
12:18 of 2nd period - Eric Gelinas is hit by Alec Martinez and loses puck.
12:51 of 2nd period - Minor Penalty to Martins Karsums for Roughing.
12:52 of 2nd period - Derek Stepan wins face-off versus Jason Spezza in Sharks zone.
14:51 of 2nd period - Penalty to Martins Karsums is over, Martins Karsums is back on ice.
16:09 of 2nd period - Zach Boychuk is hit by Sam Gagner and loses puck.
16:25 of 2nd period - Eric Gelinas is hit by Alec Martinez and loses puck.
16:53 of 2nd period - Off-side.
16:54 of 2nd period - Brandon Dubinsky wins face-off versus Sam Gagner in neutral zone.
17:05 of 2nd period - Wrist shot by Martins Karsums.
17:05 of 2nd period - Stopped by Jonathan Bernier with a rebound.
17:38 of 2nd period - Derek Stepan is hit by Zach Boychuk and loses puck.
18:09 of 2nd period - Snap shot by Bobby Butler.
18:09 of 2nd period - Shot Blocked by Oscar Klefbom.
19:04 of 2nd period - Snap shot by Luke Adam.
19:04 of 2nd period - Shot Misses the Net.
19:06 of 2nd period - Slapshot by Andrej Sekera.
19:06 of 2nd period - Shot Misses the Net.
19:08 of 2nd period - Slapshot by Andrej Sekera.
19:08 of 2nd period - Shot Blocked by Eric Gelinas.
19:57 of 2nd period - Drew Doughty is hit by Brenden Morrow.
Goals for this period are 0 for Sharks vs 1 for Jets.
Shots for this period are 3 for Sharks vs 8 for Jets.
3rd period
0:01 of 3rd period - Derek Stepan wins face-off versus Jason Spezza in neutral zone.
0:13 of 3rd period - Off-side.
0:14 of 3rd period - Jason Spezza wins face-off versus Marcus Johansson in neutral zone.
0:35 of 3rd period - Minor Penalty to Tyler Myers for Hooking.
0:36 of 3rd period - Jason Spezza wins face-off versus Derek Roy in Jets zone.
0:39 of 3rd period - Snap shot by Bobby Butler.
0:39 of 3rd period - Stopped by Jonathan Bernier without a rebound.
0:40 of 3rd period - Jason Spezza wins face-off versus Derek Roy in Jets zone.
0:41 of 3rd period - Slapshot by Drew Doughty.
0:41 of 3rd period - Stopped by Jonathan Bernier with a rebound.
0:43 of 3rd period - Wrist shot by Jason Spezza.
0:43 of 3rd period - Shot Misses the Net.
0:45 of 3rd period - Wrist shot by Bobby Butler.
0:45 of 3rd period - Stopped by Jonathan Bernier with a rebound.
0:47 of 3rd period - Snap shot by Jason Spezza.
0:47 of 3rd period - Shot Misses the Net.
0:51 of 3rd period - Slapshot by Drew Doughty.
0:51 of 3rd period - Stopped by Jonathan Bernier without a rebound.
0:52 of 3rd period - Derek Roy wins face-off versus Jason Spezza in Jets zone.
2:35 of 3rd period - Penalty to Tyler Myers is over, Tyler Myers is back on ice.
3:03 of 3rd period - Matt Corrente is hit by Brenden Morrow and loses puck.
3:20 of 3rd period - Minor Penalty to Jared Spurgeon for Roughing.
3:21 of 3rd period - Jason Spezza wins face-off versus Derek Roy in Jets zone.
3:29 of 3rd period - Wrist shot by Jason Spezza.
3:29 of 3rd period - Shot Hit the Post.
4:52 of 3rd period - Jason Spezza is hit by Marcus Johansson and loses puck.
5:20 of 3rd period - Penalty to Jared Spurgeon is over, Jared Spurgeon is back on ice.
5:48 of 3rd period - Derek Stepan is hit by Andrej Sekera and loses puck.
5:55 of 3rd period - Slapshot by Jiri Tlusty.
5:55 of 3rd period - Deflect By Zach Boychuk.
5:55 of 3rd period - Shot Misses the Net.
5:55 of 3rd period - Puck is out of play.
5:56 of 3rd period - Erik Haula wins face-off versus Oskar Osala in Jets zone.
6:07 of 3rd period - Snap shot by Stefan Ruzicka.
6:07 of 3rd period - Deflect By Oskar Osala.
6:07 of 3rd period - Stopped by Jonathan Bernier with a rebound.
6:09 of 3rd period - Slapshot by Matt Corrente.
6:09 of 3rd period - Shot Blocked by Erik Haula.
6:11 of 3rd period - Slapshot by T.J. Hensick.
6:11 of 3rd period - Goal by T.J. Hensick - Sharks : 3 - Jets : 4.
6:12 of 3rd period - Derek Stepan wins face-off versus Jason Spezza in neutral zone.
6:14 of 3rd period - Minor Penalty to Derek Stepan for Tripping.
6:15 of 3rd period - Jason Spezza wins face-off versus Derek Roy in Jets zone.
6:19 of 3rd period - Slapshot by Drew Doughty.
6:19 of 3rd period - Stopped by Jonathan Bernier without a rebound.
6:20 of 3rd period - Derek Roy wins face-off versus Bobby Butler in Jets zone.
6:31 of 3rd period - Derek Roy is hit by Ben Lovejoy and loses puck.
6:46 of 3rd period - Slapshot by Drew Doughty.
6:46 of 3rd period - Shot Blocked by Tyler Myers.
6:48 of 3rd period - Snap shot by Ben Lovejoy.
6:48 of 3rd period - Stopped by Jonathan Bernier with a rebound.
6:50 of 3rd period - Slapshot by Ben Lovejoy.
6:50 of 3rd period - Shot Blocked by Nino Niederreiter.
6:52 of 3rd period - Slapshot by Ben Lovejoy.
6:52 of 3rd period - Deflect By Martins Karsums.
6:52 of 3rd period - Shot Blocked by Jared Spurgeon.
6:52 of 3rd period - Puck is out of play.
6:53 of 3rd period - Brandon Dubinsky wins face-off versus Noel Acciari in Jets zone.
7:04 of 3rd period - Wrist shot by Milan Michalek.
7:04 of 3rd period - Shot Blocked by Marco Scandella.
7:06 of 3rd period - Wrist shot by Matt Corrente.
7:06 of 3rd period - Shot Misses the Net.
7:14 of 3rd period - Wrist shot by Milan Michalek.
7:14 of 3rd period - Shot Misses the Net.
7:16 of 3rd period - Snap shot by Matt Corrente.
7:16 of 3rd period - Stopped by Jonathan Bernier with a rebound.
7:24 of 3rd period - Wrist shot by Brandon Dubinsky.
7:24 of 3rd period - Deflect By Noel Acciari.
7:24 of 3rd period - Goal by Brandon Dubinsky - Sharks : 4 - Jets : 4.
7:25 of 3rd period - Derek Stepan wins face-off versus Bobby Butler in neutral zone.
7:28 of 3rd period - Drew Doughty is hit by Marco Scandella and loses puck.
8:20 of 3rd period - Snap shot by Oskar Osala.
8:20 of 3rd period - Shot Blocked by Jared Spurgeon.
8:35 of 3rd period - Icing by Derek Roy.
8:36 of 3rd period - Derek Roy wins face-off versus Jason Spezza in Jets zone.
8:41 of 3rd period - Snap shot by Reilly Smith.
8:41 of 3rd period - Stopped by Anders Nilsson without a rebound.
8:42 of 3rd period - Jason Spezza wins face-off versus Derek Stepan in Sharks zone.
8:42 of 3rd period - Jason Spezza is hit by Evgeny Dadonov.
8:50 of 3rd period - Slapshot by Derek Stepan.
8:50 of 3rd period - Stopped by Anders Nilsson with a rebound.
9:54 of 3rd period - Jaccob Slavin is hit by Matt Corrente and loses puck.
9:59 of 3rd period - Wrist shot by Bobby Butler.
9:59 of 3rd period - Shot Blocked by Jaccob Slavin.
10:01 of 3rd period - Wrist shot by Ben Lovejoy.
10:01 of 3rd period - Shot Misses the Net.
10:25 of 3rd period - Icing by Evgeny Dadonov.
10:26 of 3rd period - Derek Stepan wins face-off versus Jason Spezza in Jets zone.
10:37 of 3rd period - Wrist shot by Bobby Butler.
10:37 of 3rd period - Shot Blocked by Evgeny Dadonov.
10:39 of 3rd period - Slapshot by David Rundblad.
10:39 of 3rd period - Shot Blocked by Derek Stepan.
10:41 of 3rd period - Snap shot by David Rundblad.
10:41 of 3rd period - Deflect By Jason Spezza.
10:41 of 3rd period - Shot Misses the Net.
10:41 of 3rd period - Puck is out of play.
10:42 of 3rd period - Brandon Dubinsky wins face-off versus Sam Gagner in Jets zone.
11:24 of 3rd period - Mike Cammalleri is hit by Evgeny Dadonov and loses puck.
12:42 of 3rd period - David Rundblad is hit by Marcus Johansson and loses puck.
12:53 of 3rd period - Jason Spezza is hit by Derek Stepan and loses puck.
13:14 of 3rd period - Snap shot by Bobby Butler.
13:14 of 3rd period - Stopped by Jonathan Bernier without a rebound.
13:15 of 3rd period - Brandon Dubinsky wins face-off versus Sam Gagner in Jets zone.
13:18 of 3rd period - Snap shot by Brandon Dubinsky.
13:18 of 3rd period - Stopped by Jonathan Bernier without a rebound.
13:19 of 3rd period - Sam Gagner wins face-off versus Brandon Dubinsky in Jets zone.
13:30 of 3rd period - Wrist shot by Milan Michalek.
13:30 of 3rd period - Shot Misses the Net.
13:32 of 3rd period - Slapshot by Ben Lovejoy.
13:32 of 3rd period - Deflect By Brandon Dubinsky.
13:32 of 3rd period - Goal by Brandon Dubinsky - Sharks : 5 - Jets : 4.
13:33 of 3rd period - Sam Gagner wins face-off versus Brandon Dubinsky in neutral zone.
13:42 of 3rd period - Snap shot by Drew Doughty.
13:42 of 3rd period - Stopped by Jonathan Bernier without a rebound.
13:43 of 3rd period - Sam Gagner wins face-off versus Brandon Dubinsky in Jets zone.
13:52 of 3rd period - Snap shot by Martins Karsums.
13:52 of 3rd period - Shot Blocked by Marco Scandella.
13:54 of 3rd period - Slapshot by Ben Lovejoy.
13:54 of 3rd period - Shot Misses the Net.
14:05 of 3rd period - Slapshot by Martins Karsums.
14:05 of 3rd period - Shot Blocked by Brenden Morrow.
14:07 of 3rd period - Snap shot by Brandon Dubinsky.
14:07 of 3rd period - Stopped by Jonathan Bernier with a rebound.
14:25 of 3rd period - Snap shot by Martins Karsums.
14:25 of 3rd period - Stopped by Jonathan Bernier without a rebound.
14:26 of 3rd period - T.J. Hensick wins face-off versus Derek Roy in Jets zone.
14:29 of 3rd period - Backhand shot by Stefan Ruzicka.
14:29 of 3rd period - Shot Misses the Net.
14:31 of 3rd period - Slapshot by Alec Martinez.
14:31 of 3rd period - Deflect By Reilly Smith.
14:31 of 3rd period - Stopped by Jonathan Bernier with a rebound.
14:33 of 3rd period - Wrist shot by T.J. Hensick.
14:33 of 3rd period - Stopped by Jonathan Bernier without a rebound.
14:34 of 3rd period - Derek Roy wins face-off versus Stefan Ruzicka in Jets zone.
14:36 of 3rd period - Minor Penalty to Oscar Klefbom for Hooking.
14:37 of 3rd period - Jason Spezza wins face-off versus Derek Roy in Jets zone.
14:43 of 3rd period - Slapshot by Jason Spezza.
14:43 of 3rd period - Deflect By Bobby Butler.
14:43 of 3rd period - Stopped by Jonathan Bernier without a rebound.
14:44 of 3rd period - Jason Spezza wins face-off versus Derek Roy in Jets zone.
14:49 of 3rd period - Wrist shot by Drew Doughty.
14:49 of 3rd period - Deflect By Mike Cammalleri.
14:49 of 3rd period - Stopped by Jonathan Bernier with a rebound.
16:36 of 3rd period - Penalty to Oscar Klefbom is over, Oscar Klefbom is back on ice.
18:20 of 3rd period - Off-side.
18:21 of 3rd period - Ronalds Kenins wins face-off versus Brandon Dubinsky in neutral zone.
19:07 of 3rd period - Jets, Jonathan Bernier is pulled from the net.
19:32 of 3rd period - Snap shot by Drew Doughty.
19:32 of 3rd period - Goal by Drew Doughty - Sharks : 6 - Jets : 4.
19:32 of 3rd period - Jonathan Bernier from Jets was sent back in the game.
19:33 of 3rd period - Derek Roy wins face-off versus Jason Spezza in neutral zone.
19:45 of 3rd period - Off-side.
19:46 of 3rd period - Jason Spezza wins face-off versus Derek Roy in neutral zone.
19:53 of 3rd period - Tyler Myers is hit by Bobby Butler and loses puck.
Goals for this period are 4 for Sharks vs 0 for Jets.
Shots for this period are 21 for Sharks vs 2 for Jets.
Back to the Top